 Dungeon Crawl Stone Soup version 0.22-a0-443-g17c3723 (webtiles) character file.

75095 xccam the Warrior (level 15, -8/149 HPs)
             Began as a Minotaur Monk on May 31, 2018.
             Mangled by a cyclops (29 damage)
             ... on level 13 of the Dungeon.
             The game lasted 00:58:19 (26354 turns).

xccam the Warrior (Minotaur Monk)                  Turns: 26354, Time: 00:58:20

Health: -8/149     AC: 11    Str: 20    XL:     15   Next: 8%
Magic:  14/14      EV: 24    Int:  7    God:
Gold:   2699       SH:  0    Dex: 15    Spells: 14/14 levels left

rFire    . . .     SeeInvis +     - Unarmed
rCold    . . .     Gourm    .   (no shield)
rNeg     . . .     Faith    .   (no armour)
rPois    +         Spirit   .   H - +2 hat {SInv}
rElec    .         Reflect  .   d - +2 cloak
rCorr    .         Harm     .   e - +2 pair of gloves
MR       ++...                  a - +2 pair of boots
Stlth    ++........             (no amulet)
HPRegen  0.34/turn              E - ring of protection from magic
MPRegen  0.14/turn              K - ring of poison resistance

@: no status effects
A: retaliatory headbutt, horns 2
a: no special abilities


You were on level 13 of the Dungeon.
You were hungry.

You visited 4 branches of the dungeon, and saw 22 of its levels.
You also visited: Sewer.

You collected 2699 gold pieces.

Inventory:

Armour
 a - a +2 pair of boots (worn)
 d - a +2 cloak (worn)
 e - a +2 pair of gloves (worn)
 l - a +0 shield
 s - a +2 buckler
 H - a +2 hat of see invisible (worn)
Jewellery
 c - an uncursed ring of flight
 x - an uncursed ring of fire
 E - a ring of protection from magic (left hand)
 G - an uncursed ring of fire
 J - an uncursed ring of stealth
 K - a ring of poison resistance (right hand)
 O - an uncursed ring of fire
Wands
 i - a wand of iceblast (17)
 q - a wand of flame (40)
 z - a wand of random effects (72)
 B - a wand of paralysis (3)
 C - a wand of scattershot (4)
 F - a wand of polymorph (10)
 I - a wand of enslavement (30)
 N - a wand of disintegration (15)
 R - a wand of acid (10)
Scrolls
 g - 4 scrolls of blinking
 n - 7 scrolls of amnesia
 o - 2 scrolls of fog
 p - 4 scrolls of teleportation
 v - 4 scrolls of fear
 w - 9 scrolls of remove curse
 y - 2 scrolls of immolation
 A - 2 scrolls of magic mapping
 D - 2 scrolls of enchant weapon
 Q - a scroll of identify
Potions
 f - 2 potions of agility
 h - 2 potions of curing
 j - 3 potions of magic
 k - 8 potions of flight
 m - 3 potions of resistance
 r - a potion of mutation
 t - a potion of haste
 u - 2 potions of brilliance
 L - a potion of lignification
Comestibles
 b - 36 rations


   Skills:
 * Level 17.9 Fighting
 + Level 16.5 Dodging
 - Level 1.5 Stealth
 * Level 16.5 Unarmed Combat


You had 14 spell levels left.
You didn't know any spells.
Your spell library contained the following spells:

 Spells                   Type           Power        Failure   Level  Hunger
 Apportation              Tloc           #.....       43%         1    ##.....
 Confuse                  Hex            #.......     80%         3    ####...
 Throw Frost              Conj/Ice       #.....       56%         2    ###....
 Summon Small Mammal      Summ           #...         43%         1    ##.....
 Animate Skeleton         Necr           N/A          43%         1    ##.....
 Freeze                   Ice            #...         43%         1    ##.....
 Summon Ice Beast         Ice/Summ       #.......     99%         4    #####..
 Ozocubu's Armour         Chrm/Ice       #.......     80%         3    ####...
 Tukima's Dance           Hex            #.......     80%         3    ####...
 Throw Icicle             Conj/Ice       #.......     99%         4    #####..
 Shadow Creatures         Summ           N/A          100%        6    #######
 Confusing Touch          Hex            #.....       43%         1    ##.....
 Ensorcelled Hibernation  Hex/Ice        #.....       56%         2    ###....
 Silence                  Hex/Air        #.........   100%        5    ######.
 Corona                   Hex            #......      43%         1    ##.....
 Darkness                 Hex            #.........   100%        6    #######
 Dazzling Spray           Conj/Hex       #.....       80%         3    ####...
 Borgnjor's Vile Clutch   Necr/Erth      #.........   100%        5    ######.


Dungeon Overview and Level Annotations

Branches:
Dungeon (13/15)            Temple (1/1) D:7            Lair (6/6) D:8
  Swamp (0/4) Lair:2        Snake (0/4) Lair:4        Slime (0/5) Lair:6
    Orc (2/2) D:12            Elf (0/3) Orc:2
 Vaults: D:13-14

Altars:
Ashenzari
Dithmenos
Elyvilon
Fedhas
Gozag
Kikubaaqudgha
Makhleb
Nemelex Xobeh
Qazlal
Vehumet
Yredelemnul
Beogh

Shops:
D:12 =   Orc:2 (((}(

Portals:
Trove: D:11 (give +6 ice dragon scales)

Annotations:
Lair:2 exclusion: 2 oklob plants


Innate Abilities, Weirdness & Mutations

You reflexively headbutt those who attack you in melee.
You have a pair of horns on your head.


Message History

The iron troll claws you but does no damage.
You hit the iron troll but do no damage.
You headbutt the iron troll.
The iron troll is heavily wounded.
You hit the iron troll but do no damage.
You punch the iron troll.
The iron troll is heavily wounded.
The iron troll completely misses you. The iron troll claws you.
The iron troll claws you!
* * * LOW HITPOINT WARNING * * *
You pummel the iron troll!!
The iron troll is almost dead.
You punch the iron troll!
You kill the iron troll!
The cyclops hits you!!
* * * LOW HITPOINT WARNING * * *
You feel better. The cyclops hits you!
* * * LOW HITPOINT WARNING * * *
You feel better. The cyclops hits you!!
You die...

##### #...#
##############.#..
#....(.........##.
#..............###
#.##...#####.#.###
#.....T.C..#.....#
#C#######..#.....#
#@# #..#...... #.#
#T.#...... #.#
#C.#......
#.#...C....#......
#.##########......
#.................
#.##########......
#.# #...... #.#
#......


You could see a cyclops.

Vanquished Creatures
  Gastronok (D:9)
  A sphinx (D:12)
  The ghost of Zorot the Fighter, a journeyman DrCK of Xom (Lair:2)
  An ettin (D:12)
  Erolcha (D:11)
  9 hydras
  A two-headed ogre (D:12)
  A centaur warrior (D:12)
  Urug (Lair:5)
  An iron troll (D:13)
  Pikel (D:9)
  A lindwurm (D:13)
  8 orc knights (Orc:2)
  A deep elf mage (D:12)
  A phantasmal warrior (D:13)
  2 ugly things (D:12)
  2 orc sorcerers (Orc:1)
  A cyclops (D:12)
  The ghost of Ijustatesigmund the Skirmisher, a novice OgGl (D:5)
  A centaur zombie (D:10)
  A torpor snail (Lair:6)
  7 black mambas
  Joseph (D:7)
  22 spiny frogs
  A freezing wraith (D:12)
  6 komodo dragons
  A guardian mummy (D:11)
  5 trolls
  A polar bear (Lair:3)
  A meliai (shapeshifter) (D:12)
  A queen bee (Lair:1)
  Grinder (D:4)
  4 tyrant leeches (Lair:6)
  25 blink frogs
  11 slime creatures (D:12)
  10 dream sheep
  6 hippogriffs
  A vampire (D:11)
  4 wyverns
  38 yaks
  2 shadows
  Sigmund (D:3)
  3 basilisks
  2 hungry ghosts
  A steam dragon (D:8)
  6 vampire mosquitoes (Lair:6)
  4 nagas (Lair:4)
  7 wargs
  2 acid dragons (D:12)
  A soldier ant (D:11)
  10 water moccasins
  A soldier ant (shapeshifter) (D:13)
  Duvessa (D:6)
  15 porcupines
  6 ice beasts
  34 orc warriors
  2 black bears
  A sky beast (D:7)
  A slave (D:9)
  14 ogres
  2 eyes of draining
  6 phantoms
  A boggart (D:12)
  20 centaurs
  11 wolves
  4 big kobolds
  21 crocodiles
  Blork the orc (D:6)
  29 bullfrogs
  A wyvern skeleton (D:7)
  5 scorpions
  Dowan (D:6)
  35 killer bees
  11 wights
  5 electric eels
  3 howler monkeys (D:10)
  A crimson imp (D:13)
  A quasit (D:8)
  2 bullfrog skeletons
  8 hounds
  16 jellies
  12 orc priests
  2 bullfrog zombies
  14 orc wizards
  3 iguanas
  3 centaur skeletons
  8 worker ants
  A howler monkey zombie (D:6)
  Robin (D:3)
  19 adders
  2 river rats (Sewer)
  3 shadow imps
  An adder zombie (D:9)
  3 adder skeletons
  5 worms
  4 dart slugs
  5 leopard geckos
  97 orcs
  3 ball pythons
  10 bats
  8 giant cockroaches
  19 goblins
  5 hobgoblins
  9 jackals
  7 quokkas
  11 frilled lizards
  A jackal skeleton (D:4)
  24 kobolds
  22 rats
  A spectral orc (D:7)
  A fungus (D:13)
786 creatures vanquished.

Vanquished Creatures (others)
  A black bear (D:9)
  A slave (D:9)
  An adder skeleton (D:9)
  2 orcs (D:9)
  A kobold (D:10)
  A bush (Lair:6)
  16 fungi
  48 plants
71 creatures vanquished.

Grand Total: 857 creatures vanquished

Notes
Turn   | Place    | Note
-------+----------+-------------------------------------------
     0 | D:1      | xccam the Minotaur Monk began the quest for the Orb.
     0 | D:1      | Reached XP level 1. HP: 19/19 MP: 0/0
    79 | D:1      | Reached skill level 4 in Fighting
    85 | D:1      | Reached XP level 2. HP: 10/27 MP: 1/1
   372 | D:1      | Reached XP level 3. HP: 34/34 MP: 2/2
   888 | D:2      | Found a blossoming altar of Fedhas.
   898 | D:2      | Found a white marble altar of Elyvilon.
   901 | D:2      | Found a burning altar of Makhleb.
   904 | D:2      | Found an opulent altar of Gozag.
   926 | D:2      | Reached XP level 4. HP: 30/41 MP: 3/3
  1002 | D:2      | Reached skill level 5 in Fighting
  1364 | D:3      | Found a shattered altar of Ashenzari.
  1500 | D:3      | Reached skill level 5 in Unarmed Combat
  1500 | D:3      | Reached XP level 5. HP: 46/48 MP: 4/4
  1542 | D:3      | Found a stormy altar of Qazlal.
  1604 | D:3      | Noticed Robin
  1613 | D:3      | Killed Robin
  1723 | D:3      | Found a radiant altar of Vehumet.
  1748 | D:3      | Noticed Sigmund
  1765 | D:3      | Killed Sigmund
  1765 | D:3      | Reached skill level 6 in Fighting
  1765 | D:3      | Reached XP level 6. HP: 34/58 MP: 5/5
  2096 | D:4      | Found a glowing drain.
  2108 | Sewer    | Entered a sewer
  2505 | D:4      | Found an ancient bone altar of Kikubaaqudgha.
  2563 | D:4      | Noticed Grinder
  2568 | D:4      | Paralysed by Grinder for 4 turns
  2581 | D:4      | Killed Grinder
  2581 | D:4      | Reached XP level 7. HP: 33/64 MP: 6/6
  2755 | D:4      | Reached skill level 5 in Dodging
  3107 | D:5      | Entered Level 5 of the Dungeon
  3249 | D:5      | Noticed Ijustatesigmund's ghost (novice OgGl)
  3905 | D:5      | Reached XP level 8. HP: 69/71 MP: 7/7
  3911 | D:5      | Killed Ijustatesigmund's ghost
  4509 | D:6      | Noticed Duvessa
  4510 | D:6      | Noticed Dowan
  4510 | D:6      | Noticed Blork the orc
  4522 | D:6      | Killed Dowan
  4537 | D:6      | Killed Blork the orc
  4543 | D:6      | Killed Duvessa
  4724 | D:6      | Reached XP level 9. HP: 66/78 MP: 8/8
  4753 | D:6      | Reached skill level 7 in Fighting
  5499 | D:7      | Found a basalt altar of Yredelemnul.
  5561 | D:7      | Noticed Joseph
  5564 | D:7      | Found a staircase to the Ecumenical Temple.
  5589 | D:7      | Killed Joseph
  5589 | D:7      | Reached skill level 8 in Fighting
  5589 | D:7      | Reached skill level 10 in Dodging
  5984 | Temple   | Entered the Ecumenical Temple
  6141 | D:8      | Reached skill level 10 in Unarmed Combat
  6157 | D:8      | Found a staircase to the Lair.
  6163 | D:8      | Reached skill level 9 in Fighting
  6189 | D:8      | Reached XP level 10. HP: 24/91 MP: 9/9
  6673 | Lair:1   | Entered Level 1 of the Lair of Beasts
  7381 | D:8      | Found a sparkling altar of Nemelex Xobeh.
  7395 | D:8      | Found a shadowy altar of Dithmenos.
  7827 | D:9      | Reached skill level 10 in Fighting
  7830 | D:9      | Noticed Gastronok
  7897 | D:9      | Killed Gastronok
  7897 | D:9      | Reached skill level 11 in Fighting
  8212 | D:9      | Noticed Pikel
  8220 | D:9      | Killed Pikel
  8220 | D:9      | Reached XP level 11. HP: 60/102 MP: 10/10
  8857 | D:10     | Entered Level 10 of the Dungeon
  9485 | D:10     | Reached skill level 12 in Fighting
  9975 | D:11     | Noticed Erolcha
 10225 | D:11     | Killed Erolcha
 10560 | D:11     | Found a portal to a secret trove of treasure.
 10981 | D:11     | Reached skill level 13 in Fighting
 11371 | D:11     | Noticed a four-headed hydra
 11390 | D:11     | Killed a four-headed hydra
 12113 | Lair:1   | Reached XP level 12. HP: 86/115 MP: 11/11
 12231 | Lair:1   | Noticed a four-headed hydra
 12242 | Lair:1   | Killed a four-headed hydra
 12512 | Lair:1   | Reached skill level 14 in Fighting
 12618 | Lair:1   | Noticed a five-headed hydra
 12636 | Lair:1   | Killed a five-headed hydra
 13144 | Lair:2   | Found a staircase to the Swamp.
 13552 | Lair:2   | Noticed Zorot's ghost (journeyman DrCK)
 13837 | Lair:2   | Killed Zorot's ghost
 15479 | Lair:4   | Noticed a four-headed hydra
 15494 | Lair:4   | Killed a four-headed hydra
 15494 | Lair:4   | Reached skill level 15 in Fighting
 15634 | Lair:4   | Reached XP level 13. HP: 114/126 MP: 12/12
 15640 | Lair:4   | Found a staircase to the Snake Pit.
 16364 | Lair:5   | Noticed Urug
 16379 | Lair:5   | Killed Urug
 17579 | Lair:6   | Entered Level 6 of the Lair of Beasts
 17824 | Lair:6   | Reached skill level 16 in Fighting
 18044 | Lair:6   | Found a staircase to the Slime Pits.
 18117 | Lair:6   | Reached skill level 15 in Dodging
 18382 | Lair:6   | Reached skill level 15 in Unarmed Combat
 18630 | Lair:6   | Reached XP level 14. HP: 51/138 MP: 13/13
 20639 | D:12     | Found a staircase to the Orcish Mines.
 20916 | Orc:1    | Entered Level 1 of the Orcish Mines
 21538 | Orc:2    | Entered Level 2 of the Orcish Mines
 21559 | Orc:2    | Reached skill level 17 in Fighting
 22552 | Orc:2    | Found Fanocar's Gadget Shop.
 22552 | Orc:2    | Found Ruhan's Antique Weapon Emporium.
 23210 | Orc:2    | Found a staircase to the Elven Halls.
 23424 | Orc:2    | Found Enlimp's Antique Weapon Emporium.
 23424 | Orc:2    | Found Kuolofom's Weapon Shop.
 23553 | Orc:2    | Found a roughly hewn altar of Beogh.
 23601 | Orc:2    | Found Qaetathro's Antique Weapon Emporium.
 24667 | D:12     | Noticed a sphinx
 24669 | D:12     | Paralysed by a sphinx for 7 turns
 24684 | D:12     | Killed a sphinx
 25178 | D:12     | Found Ughiunec's Jewellery Boutique.
 25487 | D:12     | Reached XP level 15. HP: 49/149 MP: 14/14
 26354 | D:13     | Mangled by a cyclops

Vault maps used:
D:1:      dpeg_arrival_water_temple_mockup
D:2:      grunt_temple_overflow_cloverleaf, minmay_unequal
D:3:      vehumet_crystals, cheibrodos_ashenzari_chains,
          nicolae_qazlal_general_emergency, uniq_sigmund, uniq_robin
D:4:      overflow_temple_1_default, portal_sewer_entry_e, uniq_grinder
D:5:      first_ration
D:6:      uniq_duvessa, uniq_blork_the_orc
D:7:      yredelemnul_forgotten_temple_becter,
          minmay_temple_entry_statues_fountains, uniq_joseph
D:8:      lemuel_doored_altar, old_standard_altar, erik_lair_dragon,
          serial_glass, glass_columns_b, glass_columns_c, glass_columns_c,
          glass_columns_a, item_on_display_a, due_unseen_surprise,
          item_on_display_a, item_on_display_a, grunt_ogre_cave,
          hangedman_glass_teeth, nicolae_underground_beach
D:9:      uniq_gastronok, uniq_pikel
D:11:     nicolae_trove_entry_path_of_doom, hangedman_decor_peaks_small,
          uniq_erolcha
D:12:     minmay_two_paths, david_orc_2, serial_shops, nicolae_shop_behind_doors
D:13:     david_vaults_4, minmay_gold_behind_fungi, serial_bayou_pond_e,
          serial_bayou_crossing
Temple:   minmay_temple_bridge_abc
Lair:1:   special_room, beast_lair_carwin_9
Lair:2:   dpeg_oklob_gauntlet, minmay_swamp_entry_reptiles
Lair:4:   minmay_snake_entry_guardpost_large, disabler_island
Lair:5:   uniq_urug
Lair:6:   minmay_lair_end_frog_pond, minmay_slime_entry_jelly_boxes
Orc:1:    nicolae_orc_stony_grotto
Orc:2:    st_orc_town, serial_shops, nicolae_shop_window_shopping
Sewer:    sewer_co_cracked_pipes

Skill      XL: |  1  2  3  4  5  6  7  8  9 10 11 12 13 14 |
---------------+-------------------------------------------+-----
Fighting       | 4 5 6 9 11 13 15 16 17 | 17.9
Unarmed Combat | 4 5 6 7 8 10 11 12 13 15 16 | 16.5
Dodging        | 4 6 9 10 11 12 14 15 16 | 16.5
Stealth        | |  1.5

Action                   |  1- 3 |  4- 6 |  7- 9 | 10-12 | 13-15 || total
-------------------------+-------+-------+-------+-------+-------++-------
Melee: Unarmed           |    97 |   199 |   317 |   821 |  1115 ||  2549
       Headbutt          |    17 |    35 |    64 |   194 |   268 ||   578
       Punch             |       |     6 |    13 |    43 |   106 ||   168
  Use: Scroll            |     6 |     6 |     8 |    10 |     6 ||    36
       Potion            |       |       |    11 |     4 |     7 ||    22
 Stab: Sleeping          |     6 |     7 |     5 |    10 |     5 ||    33
       Distracted        |       |       |       |       |     2 ||     2
  Eat: Chunk             |       |     6 |    11 |    15 |    20 ||    52
       Ration            |       |       |       |     5 |     4 ||     9
Armor: Skin              |    19 |    54 |    40 |   106 |    96 ||   315
Dodge: Dodged            |    53 |   113 |   213 |   643 |   724 ||  1746

Table legend:
 A = Spawn XP
 B = Non-spawn XP
 C = Spawn XP percentage of total XP
 D = Spawn monster count
 E = Non-spawn monster count
 F = Spawn count percentage of total count
 G = Total turns spent on level
                    A         B        C        D         E        F      G
               +---------+---------+-------+---------+---------+-------+---------
         Total |       0 |  107279 |   0.0 |       0 |     784 |   0.0 | 26354
               +---------+---------+-------+---------+---------+-------+---------
           D:1 |       0 |      52 |   0.0 |       0 |      29 |   0.0 |   550
           D:2 |       0 |      84 |   0.0 |       0 |      23 |   0.0 |   774
           D:3 |       0 |     331 |   0.0 |       0 |      32 |   0.0 |   615
           D:4 |       0 |     564 |   0.0 |       0 |      28 |   0.0 |  1022
           D:5 |       0 |    1094 |   0.0 |       0 |      30 |   0.0 |  1232
           D:6 |       0 |    1152 |   0.0 |       0 |      26 |   0.0 |   550
           D:7 |       0 |    1453 |   0.0 |       0 |      18 |   0.0 |   959
           D:8 |       0 |    2065 |   0.0 |       0 |      32 |   0.0 |  1689
           D:9 |       0 |    4985 |   0.0 |       0 |      36 |   0.0 |  1333
          D:10 |       0 |    3152 |   0.0 |       0 |      40 |   0.0 |  1206
          D:11 |       0 |    5225 |   0.0 |       0 |      38 |   0.0 |  2270
          D:12 |       0 |   16227 |   0.0 |       0 |      63 |   0.0 |  1886
          D:13 |       0 |    3479 |   0.0 |       0 |      16 |   0.0 |   506
        Lair:1 |       0 |    6910 |   0.0 |       0 |      44 |   0.0 |  1307
        Lair:2 |       0 |    5341 |   0.0 |       0 |      20 |   0.0 |  1562
        Lair:3 |       0 |    3075 |   0.0 |       0 |      15 |   0.0 |   692
        Lair:4 |       0 |    7090 |   0.0 |       0 |      37 |   0.0 |  1168
        Lair:5 |       0 |    6674 |   0.0 |       0 |      23 |   0.0 |  1261
        Lair:6 |       0 |   25544 |   0.0 |       0 |     114 |   0.0 |  2574
         Orc:1 |       0 |    2449 |   0.0 |       0 |      16 |   0.0 |  1072
         Orc:2 |       0 |   10264 |   0.0 |       0 |      84 |   0.0 |  1808
         Sewer |       0 |      69 |   0.0 |       0 |      20 |   0.0 |   316
               +---------+---------+-------+---------+---------+-------+---------
